 Dungeon Crawl Stone Soup version 0.31.0 (webtiles) character file.

Game seed: 9838642517743551694

78162 qw the Marksgargoyle (level 15, -1/104 HPs)
             Began as a Gargoyle Hunter on Jan 20, 2024.
             Was the Champion of Okawaru.
             Slain by an orc warrior
             ... wielding a +0 battleaxe
             ... led by an orc knight
              (16 damage)
             ... on level 2 of the Orcish Mines.
             The game lasted 00:02:33 (19413 turns).

qw the Marksgargoyle (Gargoyle Hunter)             Turns: 19413, Time: 00:02:34

Health: -1/104     AC: 21    Str: 15    XL:     15   Next: 59%
Magic:  18/22      EV: 30    Int: 11    God:    Okawaru [******]
Gold:   1119       SH:  0    Dex: 23    Spells: 14/14 levels left

rFire   + . .        y - +3 arbalest (heavy)
rCold   + . .        (shield currently unavailable)
rNeg    + . .        b - +2 robe of the Meadowlark {Dex+4 Slay+5}
rPois   inf          i - +2 hat
rElec   +            p - scarf {rC+ rF+}
rCorr   .            x - +2 pair of gloves {Stlth+}
SInv    .            v - +0 pair of boots
Will    +....        l - amulet of faith
Stlth   +++          F - +5 ring of evasion
HPRegen 0.37/turn    t - +5 ring of evasion
MPRegen 0.18/turn

%: faith
@: finesse-ful, flying
A: sickness immunity, AC +11, big wings, negative energy resistance 1,
electricity resistance, torment resistance 1, petrification resistance
a: Renounce Religion, Heroism, Finesse, Duel


You were on level 2 of the Orcish Mines.
You worshipped Okawaru.
Okawaru was exalted by your worship.
You visited 4 branches of the dungeon, and saw 23 of its levels.

You collected 2535 gold pieces.
You spent 1416 gold pieces at shops.


Innate Abilities, Weirdness & Mutations

You are immune to sickness and miasma.
Your stone body is resilient. (AC +11)
You are immune to poison.
Your large and strong wings let you fly.
You resist negative energy. (rN+)
You are resistant to electric shocks. (rElec)
You are resistant to unholy torment.
You are immune to petrification.


   Skills:
 + Level 15.9 Fighting
 - Level 18.0 Ranged Weapons
 - Level 4.0 Armour
 - Level 10.0 Dodging
 - Level 1.1 Stealth
 - Level 10.0 Invocations


You had 14 spell levels left.
You didn't know any spells.
Your spell library was empty.

Inventory:

Hand Weapons
 y - a +3 heavy arbalest (weapon)
Armour
 b - the +2 robe of the Meadowlark (worn) {Dex+4 Slay+5}
   (You found it on level 3 of the Dungeon)

   Dex+4:     It affects your dexterity (+4).
   Slay+5:    It affects your accuracy & damage with ranged weapons and melee
   (+5).
 i - a +2 hat (worn)
 m - a +1 cloak
 p - a scarf of resistance (worn)
 v - a +0 pair of boots (worn)
 x - a +2 pair of gloves of stealth (worn)
Jewellery
 a - a ring of fire
 l - an amulet of faith (around neck)
 t - a +5 ring of evasion (right hand)
 z - a ring of fire
 F - a +5 ring of evasion (left hand)
 G - an amulet of regeneration
Wands
 c - a wand of polymorph (12)
 k - a wand of paralysis (12)
 n - a wand of digging (10)
 q - a wand of mindburst (21)
 u - a wand of roots (11)
Scrolls
 g - 8 scrolls of teleportation
 w - 3 scrolls of identify
 B - a scroll of brand weapon
Potions
 d - 6 potions of curing
 e - 3 potions of resistance
 f - 4 potions of might
 h - 2 potions of heal wounds
 j - a potion of haste
 s - 4 potions of mutation
 A - a potion of cancellation
 D - a potion of enlightenment
 E - 2 potions of magic

Dungeon Overview and Level Annotations

Branches:
Dungeon (15/15)            Temple (1/1) D:5            Lair (5/5) D:10
 Shoals (0/4) Lair:2       Spider (0/4) Lair:3        Slime (0/5) Lair:4
    Orc (2/2) D:9             Elf (0/3) Orc:2        Vaults (0/5) D:14
 Depths (0/4) D:15

Altars:
Ashenzari
Cheibriados
Dithmenos
Elyvilon
Fedhas
Gozag
Hepliaklqana
Kikubaaqudgha
Makhleb
Nemelex Xobeh
Okawaru
Qazlal
Ru
Sif Muna
Trog
Uskayaw
Vehumet
Wu Jian
Xom
Yredelemnul
Zin
The Shining One
Jiyva

Shops:
D:3 :   D:5 *   D:14 =:!:


Message History

You shoot a bolt. The bolt hits the orc knight!!!!
You kill the orc knight!
Okawaru accepts your kill. The warg completely misses you. The orc misses you.
The orc knight misses you. The orc completely misses you.
The orc warrior hits you from afar with a +0 glaive!
You shoot a bolt.
The bolt completely misses the orc knight.
The warg completely misses you. The orc warrior completely misses you.
The orc completely misses you. The orc knight completely misses you.
The orc priest invokes the aid of Beogh against you.
Beogh smites you! The orc warrior completely misses you.
The orc completely misses you.
You shoot a bolt. The bolt hits the orc knight!!!!
You kill the orc knight!
Okawaru accepts your kill. The warg bites you but does no damage.
You shoot a bolt. The bolt hits the orc warrior!
The orc warrior is heavily wounded.
The orc warrior completely misses you. The orc warrior misses you.
The orc completely misses you. The orc misses you. x2
The orc priest miscasts a cantrip.
The orc hits you but does no damage.
The orc warrior hits you from afar with a +0 glaive!!
The warg misses you.
You shoot a bolt.
The bolt closely misses the orc warrior.
The bolt hits the orc warrior!!!
You kill the orc warrior!
Okawaru accepts your kill.
The orc warrior no longer looks unusually strong.
The warg completely misses you.
The orc warrior hits you from afar with a +0 glaive of venom!
The orc warrior misses you. The orc misses you.
The orc completely misses you. x2
The orc priest mumbles some strange prayers to Beogh against you.
Beogh smites you!
The orc warrior completely misses you. x2
The orc completely misses you.
The orc warrior unwields a +0 orcbow.
The orc warrior wields a +0 battleaxe.
The orc warrior hits you with a +0 battleaxe!
You die...

...$. ......#
.....##.....##
#..#........##
#.............
##.............
#..............
......ooo.$......#
......o@o..$...<..
......ho..........
......oooo.......#
.......)........#
..........)....#
...............#
.o#....>[.<....#
...#...........#
............#


You could see a warg, 5 orc warriors, an orc priest and 5 orcs.

Vanquished Creatures
  A vault guard (D:14)
  Erolcha (D:10)
  An ogre mage (D:15)
  4 centaur warriors
  3 hydras
  2 catoblepae (Lair:5)
  4 boulder beetles
  A deep troll shaman (Lair:5)
  A two-headed ogre (D:12)
  A death knight (D:14)
  A sphinx skeleton (D:15)
  11 death yaks
  A tengu warrior (D:13)
  An occultist (D:15)
  8 skeletal warriors
  A flayed ghost (D:15)
  An obsidian statue (D:15)
  An arcanist (D:15)
  A lindwurm (Lair:5)
  2 deep elf pyromancers (D:14)
  4 orc knights
  A necromancer (D:15)
  A wolf spider zombie (D:15)
  13 ugly things
  An orc sorcerer (D:15)
  3 meliai (D:13)
  5 cyclopes
  2 manticores
  7 elephants
  2 centaur zombies (D:15)
  4 black mambas
  9 cane toads
  A gargoyle (D:12)
  7 komodo dragons
  2 rime drakes
  A freezing wraith (D:14)
  An efreet (D:13)
  A tengu conjurer (D:13)
  5 trolls
  A wolf spider simulacrum (D:15)
  2 polar bears
  2 hornets
  26 blink frogs
  5 dream sheep (Lair:5)
  A spriggan zombie (D:15)
  6 slime creatures (D:13)
  5 wraiths
  59 yaks
  2 shadows
  4 wyverns
  3 basilisks
  3 vampire mosquitoes (D:10)
  A steam dragon (D:8)
  An acid dragon (D:13)
  12 water moccasins
  An ice beast (D:5)
  13 orc warriors
  A sky beast (D:7)
  2 hornet zombies (D:15)
  13 centaurs
  5 ogres
  6 boggarts
  A tengu (shapeshifter) (D:13)
  9 black bears
  13 wolves
  2 kobold brigands
  6 bullfrogs
  4 scorpions
  8 wights
  3 howler monkeys
  10 orc priests
  A bombardier beetle (D:5)
  7 jellies
  3 hounds
  A sleepcap (D:5)
  Terence (D:2)
  3 iguanas
  9 orc wizards
  15 gnolls
  9 adders
  A shadow imp (D:5)
  4 white imps
  2 ufetubi (D:7)
  2 dart slugs (D:3)
  A ribbon worm (D:2)
  68 orcs
  10 endoplasms
  3 giant cockroaches
  4 goblins
  8 hobgoblins
  3 jackals (D:3)
  6 quokkas
  4 ball pythons
  A bat (D:1)
  A frilled lizard (D:2)
  11 kobolds
  2 quokka zombies (D:7)
  3 rats (D:2)
530 creatures vanquished.

Vanquished Creatures (others)
  A death yak (Lair:5)
  2 boggarts
3 creatures vanquished.

Grand Total: 533 creatures vanquished

Notes
Turn   | Place    | Note
-------+----------+-------------------------------------------
     0 | D:1      | qw the Gargoyle Hunter began the quest for the Orb.
     0 | D:1      | Reached XP level 1. HP: 12/12 MP: 1/1
     0 | D:1      | 0 ||| qw: Version: 0.3-a-132-g3d54051
     0 | D:1      | 0 ||| qw: Game counter: 554
     0 | D:1      | 0 ||| qw: Melee chars always use a shield: true
     0 | D:1      | 0 ||| qw: God list: Okawaru
     0 | D:1      | 0 ||| qw: Allow faded altars: false
     0 | D:1      | 0 ||| qw: Do Orc after clearing Dungeon:15 true
     0 | D:1      | 0 ||| qw: Do second Lair branch before Depths: true
     0 | D:1      | 0 ||| qw: Lair rune preference: random
     0 | D:1      | 0 ||| qw: Goals: Normal
     0 | D:1      | 0 ||| PLANNING D:1-11
   190 | D:1      | Reached XP level 2. HP: 17/17 MP: 2/2
  1029 | D:1      | 1029 ||| UPGRADING to +0 ring mail.
  1039 | D:1      | 1039 ||| DROPPING +0 leather armour.
  1040 | D:1      | 1040 ||| UPGRADING to +1 hat.
  1045 | D:1      | 1045 ||| READING scroll labelled YPHASISIE.
  1045 | D:1      | 1045 ||| ENCHANTING +1 hat.
  1046 | D:1      | 1046 ||| READING scroll labelled VOLAPAE IRIZU.
  1046 | D:1      | 1046 ||| IDENTIFYING 2 glowing white potions
  1047 | D:1      | 1047 ||| DRINKING 3 viscous purple potions.
  1048 | D:1      | 1048 ||| DROPPING scroll of butterflies.
  1081 | D:2      | Reached skill level 1 in Armour
  1081 | D:2      | Reached XP level 3. HP: 21/21 MP: 3/3
  1096 | D:2      | Noticed Terence
  1106 | D:2      | Killed Terence
  1107 | D:2      | Reached skill level 5 in Ranged Weapons
  1110 | D:2      | 1110 ||| FLEEEEING.
  1117 | D:2      | 1117 ||| STAIRDANCE
  1217 | D:2      | Reached XP level 4. HP: 27/27 MP: 4/4
  1478 | D:2      | Found a faded altar of an unknown god.
  1636 | D:2      | Reached skill level 3 in Fighting
  1864 | D:2      | 1864 ||| READING scroll labelled DEDYGU TUIJA.
  1865 | D:2      | 1865 ||| FLEEEEING.
  1867 | D:2      | 1867 ||| READING scroll labelled PIRALEW GOQO.
  1975 | D:2      | 1975 ||| READING 3 scrolls labelled GAIJIO FIMOJAPI.
  1976 | D:2      | 1976 ||| DROPPING 2 scrolls of noise.
  1994 | D:3      | Found Zaselig's Book Boutique.
  2012 | D:3      | Identified the +2 robe of the Meadowlark {Dex+4 Slay+5}
  2064 | D:3      | 2064 ||| RETREEEEATING.
  2065 | D:3      | 2065 ||| RETREEEEATING.
  2076 | D:3      | Reached XP level 5. HP: 29/32 MP: 5/5
  2079 | D:3      | 2079 ||| FLEEEEING.
  2081 | D:3      | 2081 ||| STAIRDANCE
  2104 | D:2      | 2104 ||| UPGRADING to +2 robe of the Meadowlark {Dex+4
                  | Slay+5}.
  2114 | D:2      | 2114 ||| DROPPING +0 ring mail.
  2115 | D:2      | 2115 ||| READING scroll of identify.
  2115 | D:2      | 2115 ||| IDENTIFYING sedimented grey potion
  2116 | D:2      | 2116 ||| DROPPING potion of attraction.
  2134 | D:3      | Found a basalt altar of Yredelemnul.
  2137 | D:3      | Found a glowing golden altar of the Shining One.
  2144 | D:3      | Found a bloodstained altar of Trog.
  2147 | D:3      | Found a stormy altar of Qazlal.
  2149 | D:3      | Found a sparkling altar of Nemelex Xobeh.
  2154 | D:3      | Found a white marble altar of Elyvilon.
  2277 | D:3      | Found a hide-covered altar of Uskayaw.
  2377 | D:3      | Reached skill level 6 in Ranged Weapons
  2446 | D:3      | Reached XP level 6. HP: 37/37 MP: 6/6
  2530 | D:3      | 2530 ||| FLEEEEING.
  2647 | D:3      | 2647 ||| READING scroll labelled TONIUFOQAKO.
  3124 | D:4      | 3124 ||| FLEEEEING.
  3481 | D:4      | 3481 ||| READING scroll labelled YRHUL WISAQOIJ.
  3482 | D:4      | 3482 ||| FLEEEEING.
  3614 | D:5      | Entered Level 5 of the Dungeon
  3672 | D:5      | Found a staircase to the Ecumenical Temple.
  3673 | D:5      | 3673 ||| PLANNING TEMPLE
  3681 | Temple   | Entered the Ecumenical Temple
  3682 | Temple   | 3682 ||| PLANNING OKAWARU WORSHIP
  3689 | Temple   | Became a worshipper of Warmaster Okawaru
  3690 | Temple   | 3690 ||| PLANNING D:1-11
  3752 | D:5      | Found Sul Paic's Neck Hole.
  3758 | D:5      | 3758 ||| BUYING +0 cloak (63 gold).
  3758 | D:5      | Bought a +0 cloak for 63 gold pieces
  3758 | D:5      | 3758 ||| SHOPLISTING amulet of reflection (420 gold, have
                  | 96).
  3758 | D:5      | 3758 ||| SHOPLISTING amulet of the acrobat (420 gold, have
                  | 96).
  3758 | D:5      | 3758 ||| SHOPLISTING scarf of resistance (448 gold, have
                  | 96).
  3847 | D:5      | Reached XP level 7. HP: 31/43 MP: 7/7
  3847 | D:5      | 3847 ||| FLEEEEING.
  3848 | D:5      | 3848 ||| FLEEEEING.
  3849 | D:5      | 3849 ||| FLEEEEING.
  3850 | D:5      | 3850 ||| FLEEEEING.
  3851 | D:5      | 3851 ||| FLEEEEING.
  3852 | D:5      | 3852 ||| FLEEEEING.
  3853 | D:5      | 3853 ||| FLEEEEING.
  3854 | D:5      | 3854 ||| FLEEEEING.
  3855 | D:5      | 3855 ||| FLEEEEING.
  3856 | D:5      | 3856 ||| FLEEEEING.
  3857 | D:5      | 3857 ||| FLEEEEING.
  3859 | D:5      | 3859 ||| FLEEEEING.
  3860 | D:5      | 3860 ||| FLEEEEING.
  3861 | D:5      | 3861 ||| FLEEEEING.
  3862 | D:5      | 3862 ||| FLEEEEING.
  3863 | D:5      | 3863 ||| FLEEEEING.
  3864 | D:5      | 3864 ||| FLEEEEING.
  3865 | D:5      | 3865 ||| FLEEEEING.
  3866 | D:5      | 3866 ||| FLEEEEING.
  3867 | D:5      | 3867 ||| FLEEEEING.
  3868 | D:5      | 3868 ||| FLEEEEING.
  3869 | D:5      | 3869 ||| FLEEEEING.
  3870 | D:5      | 3870 ||| FLEEEEING.
  3871 | D:5      | 3871 ||| FLEEEEING.
  3872 | D:5      | 3872 ||| FLEEEEING.
  3873 | D:5      | 3873 ||| FLEEEEING.
  3973 | D:5      | Reached skill level 7 in Ranged Weapons
  4097 | D:5      | Reached * piety under Okawaru
  4446 | D:5      | 4446 ||| UPGRADING to +0 cloak.
  4451 | D:5      | 4451 ||| READING scroll of enchant armour.
  4451 | D:5      | 4451 ||| ENCHANTING +0 cloak.
  4452 | D:5      | 4452 ||| READING scroll labelled YMUFEXT QUKEYMP.
  4453 | D:5      | 4453 ||| DRINKING 3 golden potions.
  4454 | D:5      | 4454 ||| DROPPING 2 potions of invisibility.
  4551 | D:6      | Found a shimmering blue altar of Sif Muna.
  4615 | D:6      | Reached skill level 1 in Invocations
  4621 | D:6      | 4621 ||| FLEEEEING.
  4731 | D:6      | 4731 ||| FLEEEEING.
  4864 | D:6      | Reached skill level 8 in Ranged Weapons
  4895 | D:6      | Reached XP level 8. HP: 48/48 MP: 9/9
  4909 | D:6      | 4909 ||| FLEEEEING.
  5143 | D:6      | Reached skill level 3 in Invocations
  5245 | D:6      | 5245 ||| UPGRADING to amulet of faith.
  5250 | D:6      | 5250 ||| UPGRADING to ring of see invisible.
  5251 | D:6      | 5251 ||| READING scroll of identify.
  5251 | D:6      | 5251 ||| IDENTIFYING puce potion
  5252 | D:6      | 5252 ||| READING scroll labelled SEXADWI ENYHAKK.
  5285 | D:6      | 5285 ||| DROPPING potion of lignification.
  5325 | D:7      | 5325 ||| PLANNING OSSUARY
  5326 | D:7      | 5326 ||| STAIRDANCE
  5332 | D:7      | 5332 ||| STAIRDANCE
  5341 | D:7      | 5341 ||| STAIRDANCE
  5343 | D:6      | 5343 ||| DRINKING 2 potions of curing.
  5343 | D:6      | 5343 ||| (to cure confusion)
  5392 | D:7      | Found a shadowy altar of Dithmenos.
  5409 | D:7      | 5409 ||| FLEEEEING.
  5566 | D:7      | Reached ** piety under Okawaru
  5609 | D:7      | 5609 ||| SWAPPING to +0 orcbow.
  5610 | D:7      | 5610 ||| DROPPING +0 shortbow.
  5928 | D:7      | 5928 ||| RIP OSSUARY
  5948 | D:7      | 5948 ||| PLANNING D:1-11
  6254 | D:7      | Reached skill level 9 in Ranged Weapons
  6354 | D:7      | 6354 ||| READING scroll labelled ROWUWN ZOCA.
  6435 | D:8      | Found a shimmering altar of Xom.
  6492 | D:8      | Noticed a wyvern
  6493 | D:8      | 6493 ||| INVOKING Heroism.
  6498 | D:8      | Killed a wyvern
  6499 | D:8      | Reached skill level 3 in Dodging
  6531 | D:8      | Reached XP level 9. HP: 53/54 MP: 12/12
  6585 | D:8      | Noticed a hornet
  6586 | D:8      | 6586 ||| INVOKING Heroism.
  6591 | D:8      | 6591 ||| RETREEEEATING.
  6594 | D:8      | Reached skill level 6 in Fighting
  6597 | D:8      | 6597 ||| RETREEEEATING.
  6598 | D:8      | Killed a hornet
  6622 | D:8      | Reached skill level 10 in Ranged Weapons
  6625 | D:8      | Reached *** piety under Okawaru
  7071 | D:8      | 7071 ||| READING scroll of identify.
  7071 | D:8      | 7071 ||| IDENTIFYING fuming brown potion
  7159 | D:9      | Found a hazy altar of Hepliaklqana.
  7164 | D:9      | 7164 ||| FLEEEEING.
  7254 | D:9      | Reached **** piety under Okawaru
  7255 | D:9      | Reached skill level 11 in Ranged Weapons
  7311 | D:9      | 7311 ||| RETREEEEATING.
  7318 | D:9      | 7318 ||| FLEEEEING.
  7319 | D:9      | 7319 ||| FLEEEEING.
  7320 | D:9      | 7320 ||| FLEEEEING.
  7321 | D:9      | 7321 ||| FLEEEEING.
  7322 | D:9      | 7322 ||| FLEEEEING.
  7323 | D:9      | 7323 ||| FLEEEEING.
  7324 | D:9      | 7324 ||| FLEEEEING.
  7325 | D:9      | 7325 ||| FLEEEEING.
  7326 | D:9      | 7326 ||| FLEEEEING.
  7327 | D:9      | 7327 ||| FLEEEEING.
  7328 | D:9      | 7328 ||| FLEEEEING.
  7330 | D:9      | 7330 ||| FLEEEEING.
  7331 | D:9      | 7331 ||| FLEEEEING.
  7332 | D:9      | 7332 ||| FLEEEEING.
  7333 | D:9      | 7333 ||| FLEEEEING.
  7334 | D:9      | 7334 ||| FLEEEEING.
  7335 | D:9      | 7335 ||| FLEEEEING.
  7336 | D:9      | 7336 ||| FLEEEEING.
  7337 | D:9      | 7337 ||| FLEEEEING.
  7338 | D:9      | 7338 ||| FLEEEEING.
  7339 | D:9      | 7339 ||| FLEEEEING.
  7340 | D:9      | 7340 ||| FLEEEEING.
  7341 | D:9      | 7341 ||| FLEEEEING.
  7342 | D:9      | 7342 ||| FLEEEEING.
  7480 | D:9      | Reached XP level 10. HP: 63/63 MP: 13/13
  7519 | D:9      | 7519 ||| FLEEEEING.
  7662 | D:9      | Found a staircase to the Orcish Mines.
  7683 | D:9      | 7683 ||| FLEEEEING.
  7684 | D:9      | 7684 ||| FLEEEEING.
  7685 | D:9      | 7685 ||| FLEEEEING.
  7686 | D:9      | 7686 ||| FLEEEEING.
  7687 | D:9      | 7687 ||| FLEEEEING.
  7688 | D:9      | 7688 ||| FLEEEEING.
  7758 | D:9      | 7758 ||| FLEEEEING.
  7986 | D:9      | 7986 ||| FLEEEEING.
  7987 | D:9      | 7987 ||| FLEEEEING.
  7988 | D:9      | 7988 ||| FLEEEEING.
  7995 | D:9      | 7995 ||| FLEEEEING.
  7997 | D:9      | 7997 ||| FLEEEEING.
  8096 | D:9      | Reached ***** piety under Okawaru
  8097 | D:9      | Reached skill level 6 in Invocations
  8183 | D:9      | 8183 ||| UPGRADING to +0 pair of gloves.
  8222 | D:10     | Entered Level 10 of the Dungeon
  8285 | D:10     | 8285 ||| RETREEEEATING.
  8287 | D:10     | 8287 ||| RETREEEEATING.
  8291 | D:10     | 8291 ||| RETREEEEATING.
  8294 | D:10     | 8294 ||| RETREEEEATING.
  8295 | D:10     | 8295 ||| RETREEEEATING.
  8296 | D:10     | 8296 ||| RETREEEEATING.
  8297 | D:10     | 8297 ||| RETREEEEATING.
  8298 | D:10     | 8298 ||| RETREEEEATING.
  8299 | D:10     | 8299 ||| RETREEEEATING.
  8300 | D:10     | 8300 ||| RETREEEEATING.
  8301 | D:10     | 8301 ||| RETREEEEATING.
  8302 | D:10     | 8302 ||| RETREEEEATING.
  8303 | D:10     | 8303 ||| RETREEEEATING.
  8304 | D:10     | 8304 ||| INVOKING Finesse.
  8381 | D:10     | Found a staircase to the Lair.
  8390 | D:10     | 8390 ||| RETREEEEATING.
  8395 | D:10     | 8395 ||| RETREEEEATING.
  8396 | D:10     | 8396 ||| RETREEEEATING.
  8397 | D:10     | 8397 ||| RETREEEEATING.
  8399 | D:10     | 8399 ||| INVOKING Finesse.
  8400 | D:10     | 8400 ||| INVOKING Heroism.
  8449 | D:10     | 8449 ||| FLEEEEING.
  8512 | D:10     | Noticed Erolcha
  8513 | D:10     | 8513 ||| INVOKING Finesse.
  8527 | D:10     | Killed Erolcha
  8528 | D:10     | Reached skill level 12 in Ranged Weapons
  8675 | D:10     | 8675 ||| INVOKING Finesse.
  8676 | D:10     | 8676 ||| INVOKING Heroism.
  8680 | D:10     | Reached XP level 11. HP: 58/68 MP: 9/17
  8682 | D:10     | Received a gift from Okawaru
  8714 | D:10     | 8714 ||| FLEEEEING.
  8834 | D:10     | Found a radiant altar of Vehumet.
  9157 | D:10     | Reached skill level 9 in Invocations
  9319 | D:10     | 9319 ||| PLANNING LAIR
  9319 | D:10     | 9319 ||| UPGRADING to +5 ring of evasion.
  9320 | D:10     | 9320 ||| READING 2 scrolls labelled SIXKER MIORA.
  9321 | D:10     | 9321 ||| READING scroll labelled ZELLUT JACYSE.
  9321 | D:10     | 9321 ||| BRANDING +0 orcbow.
  9322 | D:10     | 9322 ||| READING scroll labelled ZUWEESUHUE.
  9323 | D:10     | 9323 ||| DROPPING scroll of revelation.
  9387 | Lair:1   | Entered Level 1 of the Lair of Beasts
  9439 | Lair:1   | 9439 ||| FLEEEEING.
  9480 | Lair:1   | Received a gift from Okawaru
  9557 | Lair:1   | Reached skill level 13 in Ranged Weapons
  9635 | Lair:1   | 9635 ||| RETREEEEATING.
  9637 | Lair:1   | 9637 ||| RETREEEEATING.
  9668 | Lair:1   | Reached skill level 9 in Fighting
  9765 | Lair:1   | Received a gift from Okawaru
  9789 | Lair:1   | 9789 ||| RETREEEEATING.
  9791 | Lair:1   | 9791 ||| RETREEEEATING.
  9804 | Lair:1   | 9804 ||| INVOKING Finesse.
 10059 | Lair:1   | Received a gift from Okawaru
 10060 | Lair:1   | Reached XP level 12. HP: 76/76 MP: 19/19
 10249 | Lair:1   | 10249 ||| UPGRADING to +0 pair of boots.
 10254 | Lair:1   | 10254 ||| READING scroll of identify.
 10254 | Lair:1   | 10254 ||| IDENTIFYING green potion
 10255 | Lair:1   | 10255 ||| READING scroll labelled HAPHUI GEYMEAD.
 10255 | Lair:1   | Identified a scroll of acquirement
 10255 | Lair:1   | 10255 ||| ACQUIRING 870 gold pieces
 10255 | Lair:1   | Acquired 870 gold pieces
 10274 | Lair:2   | 10274 ||| STAIRDANCE
 10292 | Lair:2   | 10292 ||| STAIRDANCE
 10294 | Lair:1   | 10294 ||| RETREEEEATING.
 10295 | Lair:1   | 10295 ||| RETREEEEATING.
 10296 | Lair:1   | 10296 ||| RETREEEEATING.
 10297 | Lair:1   | 10297 ||| RETREEEEATING.
 10298 | Lair:1   | 10298 ||| RETREEEEATING.
 10299 | Lair:1   | 10299 ||| RETREEEEATING.
 10303 | Lair:1   | 10303 ||| RETREEEEATING.
 10304 | Lair:1   | 10304 ||| RETREEEEATING.
 10305 | Lair:1   | 10305 ||| RETREEEEATING.
 10308 | Lair:1   | 10308 ||| INVOKING Finesse.
 10315 | Lair:1   | Reached skill level 14 in Ranged Weapons
 10323 | Lair:1   | Reached skill level 3 in Armour
 10382 | Lair:2   | 10382 ||| STAIRDANCE
 10384 | Lair:1   | 10384 ||| RETREEEEATING.
 10385 | Lair:1   | 10385 ||| RETREEEEATING.
 10386 | Lair:1   | 10386 ||| RETREEEEATING.
 10387 | Lair:1   | 10387 ||| RETREEEEATING.
 10388 | Lair:1   | 10388 ||| RETREEEEATING.
 10389 | Lair:1   | 10389 ||| RETREEEEATING.
 10393 | Lair:1   | 10393 ||| RETREEEEATING.
 10394 | Lair:1   | 10394 ||| RETREEEEATING.
 10395 | Lair:1   | 10395 ||| RETREEEEATING.
 10403 | Lair:1   | 10403 ||| FLEEEEING.
 10404 | Lair:1   | 10404 ||| FLEEEEING.
 10405 | Lair:1   | 10405 ||| FLEEEEING.
 10406 | Lair:1   | 10406 ||| FLEEEEING.
 10407 | Lair:1   | 10407 ||| FLEEEEING.
 10408 | Lair:1   | 10408 ||| FLEEEEING.
 10409 | Lair:1   | 10409 ||| FLEEEEING.
 10410 | Lair:1   | 10410 ||| FLEEEEING.
 10411 | Lair:1   | 10411 ||| FLEEEEING.
 10412 | Lair:1   | 10412 ||| FLEEEEING.
 10413 | Lair:1   | 10413 ||| FLEEEEING.
 10414 | Lair:1   | 10414 ||| FLEEEEING.
 10415 | Lair:1   | 10415 ||| STAIRDANCE
 10489 | Lair:2   | 10489 ||| STAIRDANCE
 10678 | Lair:2   | 10678 ||| RETREEEEATING.
 10680 | Lair:2   | 10680 ||| RETREEEEATING.
 10682 | Lair:2   | 10682 ||| RETREEEEATING.
 10688 | Lair:2   | 10688 ||| RETREEEEATING.
 10689 | Lair:2   | 10689 ||| RETREEEEATING.
 10690 | Lair:2   | 10690 ||| RETREEEEATING.
 10691 | Lair:2   | 10691 ||| INVOKING Finesse.
 10777 | Lair:2   | Noticed a death yak
 10778 | Lair:2   | 10778 ||| INVOKING Finesse.
 10781 | Lair:2   | Noticed a death yak
 10787 | Lair:2   | Killed a death yak
 10792 | Lair:2   | Noticed a death yak
 10796 | Lair:2   | Killed a death yak
 10796 | Lair:2   | Received a gift from Okawaru
 10806 | Lair:2   | Killed a death yak
 10807 | Lair:2   | Reached skill level 15 in Ranged Weapons
 10910 | Lair:2   | 10910 ||| RETREEEEATING.
 10912 | Lair:2   | 10912 ||| RETREEEEATING.
 10931 | Lair:2   | Received a gift from Okawaru
 10936 | Lair:2   | Reached skill level 6 in Dodging
 10936 | Lair:2   | 10936 ||| FLEEEEING.
 10946 | Lair:2   | 10946 ||| STAIRDANCE
 11005 | Lair:2   | Found a staircase to the Shoals.
 11014 | Lair:2   | 11014 ||| FLEEEEING.
 11022 | Lair:2   | 11022 ||| STAIRDANCE
 11516 | Lair:2   | 11516 ||| READING scroll labelled TYOSIRCH AC NEDA.
 11579 | Lair:3   | Found a hole to the Spider Nest.
 12078 | Lair:3   | Reached ****** piety under Okawaru
 12079 | Lair:3   | 12079 ||| INVOKING Receive Weapon.
 12079 | Lair:3   | 12079 ||| ACQUIRING +3 heavy arbalest
 12079 | Lair:3   | Acquired a +3 heavy arbalest
 12079 | Lair:3   | Received a gift from Okawaru
 12080 | Lair:3   | 12080 ||| INVOKING Receive Armour.
 12080 | Lair:3   | 12080 ||| ACQUIRING +1 pair of gloves of stealth
 12080 | Lair:3   | Acquired a +1 pair of gloves of stealth
 12080 | Lair:3   | Received a gift from Okawaru
 12082 | Lair:3   | 12082 ||| SWAPPING to +3 heavy arbalest.
 12083 | Lair:3   | 12083 ||| DROPPING +0 orcbow of draining.
 12245 | Lair:3   | 12245 ||| UPGRADING to +1 pair of gloves of stealth.
 12255 | Lair:3   | 12255 ||| DROPPING +0 pair of gloves.
 12256 | Lair:3   | 12256 ||| READING 2 scrolls of identify.
 12256 | Lair:3   | 12256 ||| IDENTIFYING 3 ruby potions
 12283 | Lair:4   | Reached XP level 13. HP: 82/82 MP: 20/20
 12434 | Lair:4   | Reached skill level 16 in Ranged Weapons
 12468 | Lair:4   | Found a viscous altar of Jiyva.
 12468 | Lair:4   | Found a staircase to the Slime Pits.
 12543 | Lair:4   | Received a gift from Okawaru
 12728 | Lair:4   | Identified the +1 war axe "Hell-Harrower" {flame, *Corrode
                  | rPois Int+2}
 12818 | Lair:4   | 12818 ||| RETREEEEATING.
 12820 | Lair:4   | 12820 ||| RETREEEEATING.
 12821 | Lair:4   | 12821 ||| RETREEEEATING.
 12823 | Lair:4   | 12823 ||| RETREEEEATING.
 12824 | Lair:4   | 12824 ||| RETREEEEATING.
 12825 | Lair:4   | 12825 ||| RETREEEEATING.
 12830 | Lair:4   | 12830 ||| RETREEEEATING.
 13013 | Lair:5   | Entered Level 5 of the Lair of Beasts
 13156 | Lair:5   | Received a gift from Okawaru
 13256 | Lair:5   | Reached skill level 17 in Ranged Weapons
 13347 | Lair:5   | 13347 ||| RETREEEEATING.
 13350 | Lair:5   | 13350 ||| RETREEEEATING.
 13352 | Lair:5   | 13352 ||| RETREEEEATING.
 13378 | Lair:5   | 13378 ||| RETREEEEATING.
 13379 | Lair:5   | 13379 ||| RETREEEEATING.
 13382 | Lair:5   | 13382 ||| RETREEEEATING.
 13383 | Lair:5   | 13383 ||| RETREEEEATING.
 13384 | Lair:5   | 13384 ||| RETREEEEATING.
 13385 | Lair:5   | 13385 ||| RETREEEEATING.
 13386 | Lair:5   | 13386 ||| RETREEEEATING.
 13387 | Lair:5   | 13387 ||| RETREEEEATING.
 13388 | Lair:5   | 13388 ||| RETREEEEATING.
 13390 | Lair:5   | 13390 ||| RETREEEEATING.
 13391 | Lair:5   | 13391 ||| RETREEEEATING.
 13392 | Lair:5   | 13392 ||| RETREEEEATING.
 13393 | Lair:5   | 13393 ||| RETREEEEATING.
 13394 | Lair:5   | 13394 ||| RETREEEEATING.
 13395 | Lair:5   | 13395 ||| RETREEEEATING.
 13396 | Lair:5   | 13396 ||| RETREEEEATING.
 13398 | Lair:5   | 13398 ||| RETREEEEATING.
 13399 | Lair:5   | 13399 ||| RETREEEEATING.
 13400 | Lair:5   | 13400 ||| RETREEEEATING.
 13401 | Lair:5   | 13401 ||| RETREEEEATING.
 13411 | Lair:5   | 13411 ||| FLEEEEING.
 13530 | Lair:5   | 13530 ||| RETREEEEATING.
 13538 | Lair:5   | Received a gift from Okawaru
 13555 | Lair:5   | 13555 ||| FLEEEEING.
 13626 | Lair:5   | 13626 ||| FLEEEEING.
 13630 | Lair:5   | 13630 ||| FLEEEEING.
 13631 | Lair:5   | 13631 ||| FLEEEEING.
 13632 | Lair:5   | 13632 ||| FLEEEEING.
 13813 | Lair:5   | 13813 ||| RETREEEEATING.
 13817 | Lair:5   | 13817 ||| RETREEEEATING.
 13820 | Lair:5   | Received a gift from Okawaru
 13821 | Lair:5   | Gained mutation: Your large and strong wings let you fly.
                  | [Gargoyle growth]
 13821 | Lair:5   | Reached XP level 14. HP: 90/90 MP: 21/21
 13824 | Lair:5   | 13824 ||| INVOKING Finesse.
 13831 | Lair:5   | Reached skill level 18 in Ranged Weapons
 13903 | Lair:5   | Identified the +3 scale mail of the Ward {rCorr Dex+3 SInv}
 14052 | Lair:5   | 14052 ||| RETREEEEATING.
 14053 | Lair:5   | 14053 ||| RETREEEEATING.
 14054 | Lair:5   | 14054 ||| RETREEEEATING.
 14055 | Lair:5   | 14055 ||| RETREEEEATING.
 14056 | Lair:5   | 14056 ||| RETREEEEATING.
 14071 | Lair:5   | Reached skill level 12 in Fighting
 14074 | Lair:5   | Received a gift from Okawaru
 14211 | Lair:5   | 14211 ||| PLANNING D:1-11
 14211 | Lair:5   | 14211 ||| UPGRADING to scarf of resistance.
 14221 | Lair:5   | 14221 ||| DROPPING +6 ring of intelligence.
 14222 | Lair:5   | 14222 ||| READING 3 scrolls of identify.
 14222 | Lair:5   | 14222 ||| IDENTIFYING inky potion
 14223 | Lair:5   | 14223 ||| READING 2 scrolls of identify.
 14223 | Lair:5   | 14223 ||| IDENTIFYING fuming coppery potion
 14778 | D:11     | 14778 ||| READING scroll of enchant armour.
 14778 | D:11     | 14778 ||| ENCHANTING +1 pair of gloves of stealth.
 15095 | D:11     | 15095 ||| PLANNING D
 15095 | D:11     | 15095 ||| DROPPING scarf of invisibility.
 15096 | D:11     | 15096 ||| READING scroll of identify.
 15096 | D:11     | 15096 ||| IDENTIFYING viscous golden potion
 15097 | D:11     | 15097 ||| DROPPING potion of brilliance.
 16046 | D:13     | 16046 ||| RETREEEEATING.
 16052 | D:13     | 16052 ||| READING 7 scrolls of teleportation.
 16066 | D:13     | 16066 ||| INVOKING Finesse.
 16285 | D:13     | 16285 ||| FLEEEEING.
 16286 | D:13     | 16286 ||| FLEEEEING.
 16287 | D:13     | 16287 ||| FLEEEEING.
 16288 | D:13     | 16288 ||| FLEEEEING.
 16289 | D:13     | 16289 ||| FLEEEEING.
 16290 | D:13     | 16290 ||| FLEEEEING.
 16291 | D:13     | 16291 ||| FLEEEEING.
 16292 | D:13     | 16292 ||| FLEEEEING.
 16296 | D:13     | 16296 ||| FLEEEEING.
 16299 | D:13     | 16299 ||| FLEEEEING.
 16300 | D:13     | 16300 ||| FLEEEEING.
 16301 | D:13     | 16301 ||| FLEEEEING.
 16302 | D:13     | 16302 ||| FLEEEEING.
 16309 | D:13     | 16309 ||| FLEEEEING.
 16317 | D:13     | Received a gift from Okawaru
 16359 | D:13     | 16359 ||| RETREEEEATING.
 16362 | D:13     | 16362 ||| RETREEEEATING.
 16812 | D:13     | 16812 ||| RETREEEEATING.
 16813 | D:13     | 16813 ||| RETREEEEATING.
 16868 | D:14     | Found Tegubroodd's Distillery.
 16877 | D:14     | 16877 ||| FLEEEEING.
 16881 | D:14     | 16881 ||| FLEEEEING.
 16882 | D:14     | 16882 ||| FLEEEEING.
 16883 | D:14     | 16883 ||| FLEEEEING.
 16884 | D:14     | 16884 ||| FLEEEEING.
 16893 | D:14     | 16893 ||| STAIRDANCE
 16968 | D:14     | 16968 ||| BUYING potion of curing (39 gold).
 16968 | D:14     | Bought a potion of curing for 39 gold pieces
 16968 | D:14     | 16968 ||| BUYING potion of enlightenment (65 gold).
 16968 | D:14     | Bought a potion of enlightenment for 65 gold pieces
 16968 | D:14     | 16968 ||| BUYING potion of heal wounds (65 gold).
 16968 | D:14     | Bought a potion of heal wounds for 65 gold pieces
 16968 | D:14     | 16968 ||| BUYING potion of magic (104 gold).
 16968 | D:14     | Bought a potion of magic for 104 gold pieces
 16968 | D:14     | 16968 ||| BUYING potion of might (52 gold).
 16968 | D:14     | Bought a potion of might for 52 gold pieces
 16968 | D:14     | 16968 ||| BUYING potion of mutation (104 gold).
 16968 | D:14     | Bought a potion of mutation for 104 gold pieces
 16975 | D:14     | 16975 ||| RETREEEEATING.
 16992 | D:14     | Received a gift from Okawaru
 16994 | D:14     | 16994 ||| FLEEEEING.
 17115 | D:14     | 17115 ||| INVOKING Finesse.
 17119 | D:14     | Reached skill level 9 in Dodging
 17273 | D:14     | Found Wesiw's Book Shoppe.
 17328 | D:14     | Found Wythrusi's Jewellery Boutique.
 17336 | D:14     | 17336 ||| BUYING +5 ring of evasion (504 gold).
 17336 | D:14     | Bought a +5 ring of evasion for 504 gold pieces
 17336 | D:14     | 17336 ||| BUYING amulet of regeneration (420 gold).
 17336 | D:14     | Bought an amulet of regeneration for 420 gold pieces
 17382 | D:14     | 17382 ||| RETREEEEATING.
 17384 | D:14     | 17384 ||| RETREEEEATING.
 17388 | D:14     | 17388 ||| RETREEEEATING.
 17389 | D:14     | 17389 ||| RETREEEEATING.
 17390 | D:14     | 17390 ||| RETREEEEATING.
 17391 | D:14     | 17391 ||| RETREEEEATING.
 17394 | D:14     | 17394 ||| RETREEEEATING.
 17395 | D:14     | 17395 ||| RETREEEEATING.
 17396 | D:14     | 17396 ||| RETREEEEATING.
 17399 | D:14     | Received a gift from Okawaru
 17504 | D:14     | Found Ehaomaxe's Book Shoppe.
 17560 | D:14     | Found a gate to the Vaults.
 17565 | D:14     | Reached XP level 15. HP: 84/100 MP: 22/22
 17565 | D:14     | 17565 ||| FLEEEEING.
 17675 | D:14     | 17675 ||| FLEEEEING.
 17844 | D:14     | Found an ancient bone altar of Kikubaaqudgha.
 17845 | D:14     | 17845 ||| DROPPING ring of positive energy.
 17846 | D:14     | 17846 ||| UPGRADING to +5 ring of evasion.
 17848 | D:14     | 17848 ||| DROPPING ring of see invisible.
 17893 | D:15     | Entered Level 15 of the Dungeon
 17989 | D:15     | 17989 ||| FLEEEEING.
 18201 | D:15     | 18201 ||| ZAPPING wand of acid (5) at -4,1 (orc sorcerer;
                  | floor).
 18202 | D:15     | 18202 ||| ZAPPING wand of acid (4) at -3,1 (orc sorcerer;
                  | floor).
 18203 | D:15     | 18203 ||| RETREEEEATING.
 18204 | D:15     | 18204 ||| ZAPPING wand of acid (3) at -1,2 (orc sorcerer;
                  | floor).
 18204 | D:15     | Received a gift from Okawaru
 18359 | D:15     | Found a broken altar of Ashenzari.
 18427 | D:15     | 18427 ||| RETREEEEATING.
 18428 | D:15     | 18428 ||| RETREEEEATING.
 18434 | D:15     | 18434 ||| ZAPPING wand of acid (2) at 2,-1 (two-headed
                  | ogre; floor).
 18435 | D:15     | 18435 ||| ZAPPING wand of acid (1) at 2,0 (two-headed ogre;
                  | floor).
 18438 | D:15     | 18438 ||| INVOKING Finesse.
 18460 | D:15     | 18460 ||| Stepping randomly (disturbance).
 18527 | D:15     | Identified the staff of Impermanence {rPois rF- rN+ Ice
                  | Earth}
 18582 | D:15     | 18582 ||| RETREEEEATING.
 18583 | D:15     | 18583 ||| RETREEEEATING.
 18584 | D:15     | 18584 ||| RETREEEEATING.
 18585 | D:15     | 18585 ||| RETREEEEATING.
 18588 | D:15     | 18588 ||| RETREEEEATING.
 18589 | D:15     | 18589 ||| RETREEEEATING.
 18594 | D:15     | Reached skill level 15 in Fighting
 18597 | D:15     | Received a gift from Okawaru
 18600 | D:15     | Found a staircase to the Depths.
 19187 | D:15     | 19187 ||| PLANNING ORC
 19187 | D:15     | 19187 ||| DROPPING +2 pair of gloves.
 19188 | D:15     | 19188 ||| READING 4 scrolls of identify.
 19188 | D:15     | 19188 ||| IDENTIFYING viscous blue potion
 19189 | D:15     | 19189 ||| DROPPING potion of ambrosia.
 19311 | Orc:1    | Entered Level 1 of the Orcish Mines
 19385 | Orc:2    | Entered Level 2 of the Orcish Mines
 19385 | Orc:2    | Found a staircase to the Elven Halls.
 19387 | Orc:2    | 19387 ||| STAIRDANCE
 19404 | Orc:2    | 19404 ||| INVOKING Finesse.
 19413 | Orc:2    | HP: 15/104 [orc priest/divine providence (13)]
 19413 | Orc:2    | Slain by an orc warrior

Levels and vault maps discovered:
D:1:      saegor_arrival_simple_a, layout_basic, minmay_pentomino_r2
D:2:      layout_basic, hellmonk_ecumenical_altar_arch_garden, minivault_26,
          minmay_misc_feat_pillars, uniq_terence
D:3:      layout_rooms, nicolae_overflow_hallway_of_the_gods,
          nicolae_uskayaw_suspiria, serial_shops, shop, serial_bayou_lake_a
D:4:      layout_basic
D:5:      layout_gridville, minmay_temple_entry_large_hall,
          nicolae_shop_sticking_my_neck_out
D:6:      layout_loops_cross, hellmonk_sif_muna_bookshelves
D:7:      layout_basic, mainiacjoe_overflow_alcove_4, enter_ossuary_4,
          water_maze_lemuel
D:8:      layout_basic, mainiacjoe_overflow_tiny_flanked,
          minmay_misc_feat_rugged, st_stairs_10, corexii_corridor_pit,
          interstate_on_off, minmay_misc_feat_room
D:9:      layout_roguey, old_standard_altar, david_orc_5
D:10:     layout_cave_pods, lemuel_tele_altar, due_lair_maze_entry_diamond,
          uniq_erolcha
D:11:     layout_long_grid, serial_bayou_ford_a
D:12:     layout_gridville, drop_trap
D:13:     layout_loops_corners
D:14:     layout_big_octagon, david_vaults_5, lemuel_coloured_pillars_altar,
          serial_shops, nicolae_shop_peninsula, shop, shop,
          nicolae_lakefront_shop
D:15:     gammafunk_depths_entry_grave, layout_loops_corners,
          ashenzari_conservatory_becter, serial_undead, serial_undead_c,
          serial_undead_e, serial_undead_b, serial_undead_c, minivault_15,
          lemuel_flamethrower_2
Temple:   hellmonk_temple_rainy
Lair:1:   wander_river, layout_cave_pods
Lair:2:   layout_small_grid, minmay_shoals_entry_centaurs
Lair:3:   layout_long_grid, dummy_spider_entry, st_stairs_8
Lair:4:   layout_gridlike, nicolae_slime_entry_slimehenge
Lair:5:   grunt_lair_end_beastmaster, layout_cellular_growth
Orc:1:    layout_diamond_mine
Orc:2:    st_orc_mages, layout_caves, special_room, uniq_jorgrun

Skill      XL: |  1  2  3  4  5  6  7  8  9 10 11 12 13 14 15 |
---------------+----------------------------------------------+-----
Armour         | 1 2 3 4 |  4.0
Ranged Weapons | 5 6 8 9 11 12 13 15 17 18 | 18.0
Fighting       | 3 4 5 7 8 9 10 11 14 15 | 15.9
Dodging        | 2 3 4 5 6 7 9 10 | 10.0
Invocations    | 2 4 8 10 | 10.0
Stealth        | |  1.1

Action                     |  1- 3 |  4- 6 |  7- 9 | 10-12 | 13-15 || total
---------------------------+-------+-------+-------+-------+-------++-------
   Fire: Shortbow          |    78 |   177 |   145 |       |       ||   400
         Orcbow            |       |       |   156 |   575 |       ||   731
         Arbalest          |       |       |       |     2 |   582 ||   584
 Invoke: Heroism           |       |       |     2 |     2 |       ||     4
         Finesse           |       |       |       |     8 |     5 ||    13
         Receive Weapon    |       |       |       |     1 |       ||     1
         Receive Armour    |       |       |       |     1 |       ||     1
  Evoke: Wand              |       |       |       |       |     5 ||     5
    Use: Scroll            |     2 |     6 |     6 |     7 |     6 ||    27
         Potion            |     1 |       |     2 |       |       ||     3
 Armour: Leather armour    |    13 |       |       |       |       ||    13
         Ring mail         |    11 |    16 |       |       |       ||    27
         Robe              |       |    18 |    66 |   111 |   155 ||   350
  Dodge: Dodged            |    20 |    31 |    85 |   194 |   348 ||   678

Table legend:
 A = Non-vault XP
 B = Vault XP
 C = Vault XP percentage of total XP
 D = Non-vault monster count
 E = Vault monster count
 F = Vault count percentage of total count
                 A         B        C        D         E       F
            +---------+---------+-------+---------+---------+-------
      Total |   88665 |   23137 |  20.7 |     437 |      94 |  17.7
            +---------+---------+-------+---------+---------+-------
        D:1 |      20 |       4 |  16.7 |      12 |       2 |  14.3
        D:2 |      50 |      36 |  41.9 |      17 |       1 |   5.6
        D:3 |     225 |       0 |   0.0 |      19 |       0 |   0.0
        D:4 |     197 |       0 |   0.0 |      28 |       0 |   0.0
        D:5 |     385 |       0 |   0.0 |      14 |       0 |   0.0
        D:6 |     563 |       0 |   0.0 |      26 |       0 |   0.0
        D:7 |     552 |       2 |   0.4 |      19 |       2 |   9.5
        D:8 |    1125 |     308 |  21.5 |      21 |       2 |   8.7
        D:9 |    1678 |     827 |  33.0 |      13 |      20 |  60.6
       D:10 |    2656 |    2512 |  48.6 |      15 |      12 |  44.4
       D:11 |    3761 |       0 |   0.0 |      15 |       0 |   0.0
       D:12 |    2839 |       0 |   0.0 |       9 |       0 |   0.0
       D:13 |    6331 |       0 |   0.0 |      17 |       0 |   0.0
       D:14 |   13085 |    1999 |  13.3 |      27 |       3 |  10.0
       D:15 |   11623 |    8285 |  41.6 |      31 |      16 |  34.0
     Lair:1 |    9900 |       0 |   0.0 |      44 |       0 |   0.0
     Lair:2 |    8147 |     437 |   5.1 |      25 |       4 |  13.8
     Lair:3 |    1548 |     744 |  32.5 |       6 |       2 |  25.0
     Lair:4 |    6262 |     215 |   3.3 |      21 |       8 |  27.6
     Lair:5 |   15033 |    7759 |  34.0 |      40 |      19 |  32.2
      Orc:1 |    1166 |       0 |   0.0 |      11 |       0 |   0.0
      Orc:2 |    1519 |       9 |   0.6 |       7 |       3 |  30.0
            +---------+---------+-------+---------+---------+-------
